AoeStats
← 691621796

Arena

510515168Analyzed
3v3 RM · 2d ago on Oct 1, 2026· 45m 54s· 6 players
Game mode
Random Map
Map size
Normal (6 player)
Population
200
Speed
Normal
Resources
Standard
Victory
Conquest
Starting age
Dark Age
Ending age
Imperial Age
RankedLock teamsTeams togetherTeam positionsShared explorationLock speedFull tech treeHidden civsTurbo modeCheats
Victory
Defeat
🇨🇳 Danes · China
909
+11
🇨🇳 Cumans · China
526
+26
🇺🇸 Persians · United States
814
-18
🇦🇺 Franks · Australia
769
-17
🇨🇳 Mongols · China
739
-16
D4RK PERSiA
9:29 Feudal Age
16:45 Castle Age
20:33 Double-Bit Axe
20:55 Horse Collar
24:24 Wheelbarrow
27:38 Forging
29:20 Bloodlines
29:32 Scale Barding Armor
30:16 Heavy Plow
33:34 Iron Casting
34:07 Hand Cart
33:39 Pikeman
36:31 Chain Barding Armor
41:19 Imperial Age
40:42 Scale Mail Armor
usless@AOE2
12:03 Feudal Age
12:29 Double-Bit Axe
12:38 Stone Mining
12:39 Gold Mining
14:15 Wheelbarrow
20:26 Castle Age
19:58 Scale Barding Armor
20:04 Forging
21:37 Bow Saw
22:02 Hand Cart
22:27 Gold Shaft Mining
22:18 Husbandry
26:48 Town Watch
31:02 Iron Casting
30:50 Caravan
34:40 Imperial Age
33:15 Chain Barding Armor
34:12 Ballistics
33:49 Murder Holes
33:39 Ordonnance Companies
691621796
9:01 Feudal Age
9:34 Double-Bit Axe
9:32 Horse Collar
18:49 Castle Age
17:02 Stone Mining
19:40 Heavy Plow
19:55 Bow Saw
23:01 Wheelbarrow
22:11 Loom
22:40 Gold Mining
24:37 Hand Cart
31:19 Imperial Age
32:36 Conscription
33:11 Capped Ram
35:27 Elite Mangudai
36:25 Caravan
Tamerlane
11:04 Feudal Age
11:55 Double-Bit Axe
15:02 Castle Age
13:28 Horse Collar
16:32 Wheelbarrow
16:09 Bow Saw
16:01 Heavy Plow
25:10 Hand Cart
24:50 Gold Mining
26:51 Gold Shaft Mining
26:06 Stone Mining
28:40 Stone Shaft Mining
27:53 Loom
27:53 Town Watch
31:20 Imperial Age
29:03 Forging
28:53 Scale Mail Armor
28:16 Hamask
30:23 Iron Casting
30:16 Ballistics
30:23 Gambesons
30:38 Squires
30:23 Arson
30:56 Chain Mail Armor
31:32 Onager
32:20 Siege Engineers
33:16 Blast Furnace
32:38 Conscription
33:11 Plate Mail Armor
32:32 Northmen's Fury
32:39 Elite Jomsviking
32:58 Siege Onager
33:57 Fletching
35:08 Chemistry
34:04 Murder Holes
34:20 Masonry
33:53 Elite Varangian Guard
33:55 Pikeman
38:08 Town Patrol
Gatherer
9:23 Feudal Age
9:53 Double-Bit Axe
9:49 Horse Collar
11:56 Horse Collar
20:24 Castle Age
19:21 Wheelbarrow
21:18 Forging
21:13 Scale Barding Armor
21:35 Bow Saw
21:26 Heavy Plow
21:39 Bloodlines
22:27 Capped Ram
26:12 Loom
27:18 Chain Barding Armor
27:33 Iron Casting
28:40 Fletching
32:42 Imperial Age
30:29 Hand Cart
30:34 Bodkin Arrow
30:42 Padded Archer Armor
32:50 Elite Steppe Lancer
33:52 Town Watch
35:21 Plate Barding Armor
35:06 Gold Mining
35:06 Stone Mining
37:36 Gold Shaft Mining
37:24 Ballistics
38:32 Crop Rotation
39:04 Two-Man Saw
40:32 Sanctity
40:22 Fervor
41:23 Coinage
43:44 Banking
44:20 Sanctity
44:11 Fervor
邦多利第一耐摔王-莫提斯
11:17 Feudal Age
15:49 Castle Age
14:28 Horse Collar
14:35 Double-Bit Axe
17:48 Bow Saw
18:42 Wheelbarrow
18:45 Heavy Plow
22:05 Hand Cart
31:07 Imperial Age
32:23 Heavy Camel Rider
33:12 Scale Barding Armor
33:17 Forging
33:50 Elite Cataphract
34:52 Conscription
33:57 Elite Cataphract
34:47 Logistica
35:07 Chain Barding Armor
35:23 Iron Casting
36:10 Chemistry
35:31 Ballistics
37:07 Two-Man Saw
36:01 Gold Mining
36:14 Stone Mining
36:58 Crop Rotation
37:48 Plate Barding Armor
41:50 Gold Shaft Mining
42:18 Theocracy
43:28 Devotion
43:55 Illumination
43:41 Redemption
Connection lost

Rejoining the realm…

Still unreachable

The connection could not be restored.

Session expired

The server has moved on; the page needs a fresh start.